 Dungeon Crawl Stone Soup version 0.30-a0-802-gb92711bcdf (webtiles) character file.

Game seed: 5453232142373185112

186 cforsyth the Sneak (level 5, 0/32 HPs)
             Began as a Kobold Brigand on Feb 23, 2023.
             Slain by Sigmund
             ... wielding a +0 scythe
              (5 damage)
             ... on level 3 of the Dungeon.
             The game lasted 00:05:27 (2817 turns).

cforsyth the Sneak (Kobold Brigand)                 Turns: 2817, Time: 00:05:28

Health: 0/32       AC:  3    Str:  9    XL:     5   Next: 98%
Magic:  5/5        EV: 16    Int: 12    God:
Gold:   92         SH:  0    Dex: 18    Spells: 4/4 levels left

rFire   . . .      SeeInvis .    a - +2 dagger
rCold   . . .      Faith    .    (no shield)
rNeg    . . .      Spirit   .    b - +0 robe
rPois   .          Reflect  .    (no helmet)
rElec   .          Harm     .    c - +0 cloak
rCorr   .          Rampage  .    (no gloves)
Will    +....                    (no boots)
Stlth   +++++                    (no amulet)
HPRegen 0.25/turn                q - ring of willpower
MPRegen 0.09/turn                (no ring)

@: no status effects
A: small, no large weapons, nightstalker 3
a: no special abilities


You were on level 3 of the Dungeon.
You visited 1 branch of the dungeon, and saw 3 of its levels.

You collected 92 gold pieces.

Inventory:

Hand Weapons
 a - a +2 dagger (weapon)
Missiles
 d - 9 poisoned darts (quivered)
 e - 3 curare-tipped darts
 k - 2 atropa-tipped darts
 n - a throwing net
Armour
 b - a +0 robe (worn)
 c - a +0 cloak (worn)
Jewellery
 g - a ring of ice
 q - a ring of willpower (left hand)
 r - a ring of fire
Scrolls
 f - 3 scrolls of teleportation
 h - 5 scrolls of fear
 i - a scroll of brand weapon {unknown}
 j - 2 scrolls of identify {unknown}
 l - a scroll of summoning {unknown}
 p - a scroll of poison {unknown}
 u - a scroll of magic mapping {unknown}
Potions
 m - 2 potions of curing {unknown}
 o - a potion of haste {unknown}
 s - a potion of brilliance {unknown}
 t - a potion of resistance {unknown}


   Skills:
 + Level 3.6 Fighting
 + Level 4.4 Short Blades
 - Level 2.1 Throwing
 + Level 3.3 Dodging
 + Level 6.5 Stealth


You had 4 spell levels left.
You didn't know any spells.
Your spell library contained the following spells:

 Spells                   Type           Power      Damage    Failure   Level
 Apportation              Tloc           0%         N/A       32%         1
 Necrotise                Necr           0%         1d4       32%         1
 Slow                     Hex            0%         N/A       32%         1
 Summon Small Mammal      Summ           0%         N/A       32%         1
 Confusing Touch          Hex            0%         N/A       69%         3
 Ignite Poison            Fire/Tmut/Pois 0%         N/A       69%         3
 Kindle Blastsparks       Fire/Tloc/Air  0%         2d10      69%         3
 Vampiric Draining        Necr           0%         2d6       69%         3
 Freezing Cloud           Conj/Ice/Air   0%         6-21      100%        5


Dungeon Overview and Level Annotations

Branches:
Dungeon (3/15)

Altars:

Annotations:
D:3 Sigmund


Innate Abilities, Weirdness & Mutations

You are small and have problems with some larger weapons.
You are completely attuned to the shadows.


Message History

Sigmund is moderately wounded.
Sigmund misses you.
You closely miss Sigmund.
Sigmund is moderately wounded.
You hit Sigmund.
Sigmund is moderately wounded.
Sigmund barely misses you.
You hit Sigmund.
Sigmund is heavily wounded.
You closely miss Sigmund.
Sigmund is heavily wounded.
Sigmund giggles. "Time to reap what you sow."
Sigmund hits you with a +0 scythe.
You hit Sigmund.
Sigmund is heavily wounded.
You hit Sigmund.
Sigmund is heavily wounded.
Sigmund hits you with a +0 scythe.
You hit Sigmund.
Sigmund is severely wounded.
You hit Sigmund.
Sigmund is severely wounded.
Sigmund breathes a few words.
Sigmund's hands start flickering wildly.
Sigmund casts a spell.
Sigmund flickers and vanishes!
Deactivating autopickup; reactivate with Ctrl-A.
You hit something. Something hits you.
You closely miss something. You closely miss something. Something hits you!
* * * LOW HITPOINT WARNING * * *
You hit something but do no damage. You hit something.
You hear some strange, mumbled words.
A magic dart appears from out of thin air!
The magic dart hits you.
* * * LOW HITPOINT WARNING * * *
A kobold comes into view. It is wielding a +0 whip.
You hit something but do no damage. Something hits you.
You die...

#.......................#
#.................<.....#
##.................)......
#......#...........#.....#
##.#####.....#...#.....#.#
#..# ##'#########@#.... ..
##.###...#...# ...... ..
#....#......8# ... .# ..
#....#.8.#@..# #
#....######{## ## #....#..
K.# ##. #....#. 8.# #..
#....# ..# #.#
#....########### ####.#
#.......##.##..## #....#
#.......##.##...######.####
##...#####....#........###


You could see a kobold.

Vanquished Creatures
  A hound (D:3)
  Ijyb (D:1)
  Robin (D:3)
  A gnoll (D:2)
  3 adders (D:2)
  3 worms
  5 endoplasms
  8 giant cockroaches
  14 goblins
  4 hobgoblins
  9 ball pythons
  7 bats
  7 frilled lizards
  7 kobolds
  5 rats
76 creatures vanquished.

Notes
Turn   | Place    | Note
-------+----------+-------------------------------------------
     0 | D:1      | cforsyth the Kobold Brigand began the quest for the Orb.
     0 | D:1      | Reached XP level 1. HP: 12/12 MP: 1/1
   199 | D:1      | Reached XP level 2. HP: 3/18 MP: 2/2
   327 | D:1      | Found a faded altar of an unknown god.
   385 | D:1      | Reached XP level 3. HP: 5/22 MP: 3/3
  1060 | D:2      | Reached XP level 4. HP: 27/27 MP: 4/4
  1188 | D:2      | Reached skill level 6 in Stealth
  1651 | D:3      | Reached XP level 5. HP: 32/32 MP: 5/5
  1662 | D:3      | Noticed Ijyb
  1870 | D:1      | HP: 1/32 [Ijyb/+0 dagger (3)]
  1872 | D:1      | Killed Ijyb
  2130 | D:3      | Noticed Robin
  2420 | D:3      | Noticed Sigmund
  2492 | D:3      | Killed Robin
  2817 | D:3      | Slain by Sigmund

Illustrated notes

Levels and vault maps discovered:
D:1:      dpeg_arrival_castle, layout_loops_ring,
          hellmonk_ecumenical_altar_heavens_door, minmay_worlds_worst_comb
D:2:      layout_loops_cross, minmay_tetromino_l4
D:3:      layout_rooms, nicolae_wu_jian_immortal_techniques, uniq_robin,
          uniq_sigmund, uniq_ijyb

Skill      XL: |  1  2  3  4  5 |
---------------+----------------+-----
Short Blades   | 3 4 |  4.4
Dodging        | 2 3 |  3.3
Fighting       | 3 |  3.6
Stealth        | 6 |  6.5
Throwing       | |  2.1

Action                     |  1- 3 |  4- 6 || total
---------------------------+-------+-------++-------
  Melee: Dagger            |    96 |   145 ||   241
         Punch             |       |     3 ||     3
    Use: Scroll            |       |     2 ||     2
         Potion            |       |     1 ||     1
   Stab: Sleeping          |    13 |    15 ||    28
 Armour: Robe              |    31 |    18 ||    49
  Dodge: Dodged            |    82 |    71 ||   153

Table legend: (Time is in decaauts)
 A = Elapsed time spent in this place.
 B = Non-inter-level travel time spent in this place.
 C = Inter-level travel time spent in this place.
 D = Time resting spent in this place.
 E = Time spent auto-exploring this place.
 F = Levels seen in this place.
 G = Mean time per level.
                   A        B        C        D        E       F      G
               +--------+--------+--------+--------+--------+-----+--------+
         Total |   2786 |   2682 |    104 |    594 |   1495 |   3 |  928.7 |
       Dungeon |   2786 |   2682 |    104 |    594 |   1495 |   3 |  928.7 |
               +--------+--------+--------+--------+--------+-----+--------+

Top non-repeatable levels by time:
     D:1: 1292 daAuts
     D:2: 1085 daAuts
     D:3: 408 daAuts
